 Dungeon Crawl Stone Soup version 0.29-a0-193-ga21e45360d (webtiles) character file.

Game seed: 17825498014964362518

194648 mandick the Eclecticist (level 19, -4/290 HPs)
             Began as a Djinni Fire Elementalist on Feb 22, 2022.
             Was an Initiate of Gozag.
             Slain by a +2 scimitar
             ... wielding a +2 scimitar
              (15 damage)
             ... on level 3 of the Elven Halls.
             The game lasted 03:15:22 (45226 turns).

mandick the Eclecticist (Djinni Fire Elementalist) Turns: 45226, Time: 03:15:22

Health: -4/290     AC: 18    Str:  7    XL:     19   Next: 0%
Gold:   2107       EV: 12    Int: 34    God:    Gozag SH: 14 Dex: 14

rFire   + + +      SeeInvis +   V - +7 hand axe "Rume" {vorpal, rPois Will+ Int+3}
rCold   + . .      Faith    .   t - +2 kite shield {reflect}
rNeg    . . .      Spirit   +   d - +3 ring mail of Fortification {rF+ rC+ Regen+ Slay+2}
rPois   ∞          Reflect  +   b - +2 hat of the Bear Spirit {Spirit, *Rage Will++}
rElec   +          Harm     .   s - +2 cloak
rCorr   .          Rampage  .   q - -1 pair of gloves of the Zebra {rElec Regen+ MP-9 SInv}
Will    ++++.      Rage     21% (boots unavailable)
Stlth   ..........              f - amulet of regeneration
HPRegen 2.98/turn               u - +6 ring of intelligence
MPRegen 0.00/turn               D - ring of protection from cold

@: berserking, liquefying, flying, slowed movement, quick
A: sickness immunity, fire resistance 2, cold vulnerability 1, float, innate
caster, HP casting, extra vitality 1, iridescent scales 1, berserk 1, mutation
resistance 1, wild magic 1
}: 1/15 runes: decaying
a: Renounce Religion, Potion Petition, Call Merchant, Bribe Branch


You were on level 3 of the Elven Halls.
You worshipped Gozag.
Gozag was most pleased with you.
You visited 6 branches of the dungeon, and saw 31 of its levels.
You also visited: Ossuary.

You collected 9083 gold pieces.
You spent 2062 gold pieces at shops.
You paid 4914 gold pieces to Gozag.

Inventory:

Hand Weapons
 V - the +7 hand axe "Rume" (weapon) {vorpal, rPois Will+ Int+3}
   (You bought it in a shop on level 10 of the Dungeon)

   It inflicts extra damage upon your enemies.
   Int:       It affects your intelligence (+3).
   rPois:     It protects you from poison.
   Will:      It increases your willpower.
Missiles
 p - 2 throwing nets
 M - 3 atropa-tipped darts
 P - 3 curare-tipped darts
 R - 2 datura-tipped darts
Armour
 b - the +2 hat of the Bear Spirit (worn) {Spirit, *Rage Will++}
   (You bought it in a shop on level 13 of the Dungeon)

   Going berserk makes the wearer tougher, and they're slowed less afterward.
   *Rage:     It berserks you when you make melee attacks (+20% chance).
   Will:      It greatly increases your willpower.
 d - the +3 ring mail of Fortification (worn) {rF+ rC+ Regen+ Slay+2}
   (You bought it in a shop on level 13 of the Dungeon)

   Slay:      It affects your accuracy & damage with ranged weapons and melee
   (+2).
   rF:        It protects you from fire.
   rC:        It protects you from cold.
   Regen:     It increases your rate of health regeneration.
 q - the -1 pair of gloves of the Zebra (worn) {rElec Regen+ MP-9 SInv}
   (You bought it in a shop on level 2 of the Orcish Mines)

   rElec:     It insulates you from electricity.
   MP:        It affects your magic capacity (-9).
   SInv:      It lets you see invisible.
   Regen:     It increases your rate of health regeneration.
 r - a +2 pair of gloves of dexterity
 s - a +2 cloak (worn)
 t - a +2 kite shield of reflection (worn)
 A - the +1 ring mail of the Lobster {+Inv Dex+2}
   (You bought it in a shop on level 10 of the Dungeon)

   Dex:       It affects your dexterity (+2).
   +Inv:      It lets you turn invisible.
 B - a +0 buckler of cold resistance
Jewellery
 f - an amulet of regeneration (around neck)
 u - a +6 ring of intelligence (left hand)
 D - a ring of protection from cold (right hand)
 J - a ring of wizardry
 O - a ring of willpower
 T - a ring of ice
Wands
 a - a wand of digging (3)
 e - a wand of iceblast (7)
 g - a wand of mindburst (7)
 k - a wand of charming (5)
 K - a wand of polymorph (19)
 S - a wand of paralysis (12)
 U - a wand of flame (11) (quivered)
Scrolls
 h - 9 scrolls of vulnerability
 l - a scroll of enchant armour
 o - 12 scrolls of identify
 y - 6 scrolls of teleportation
 z - 2 scrolls of immolation
 C - a scroll of holy word
 E - a scroll of blinking
 F - a scroll of fear
 G - 6 scrolls of fog
 I - 4 scrolls of enchant weapon
 N - 2 scrolls of magic mapping
 X - a scroll of brand weapon
Potions
 c - 13 potions of curing
 j - 2 potions of ambrosia
 m - 2 potions of cancellation
 n - 2 potions of might
 v - 6 potions of lignification
 w - 8 potions of heal wounds
 x - a potion of invisibility
 H - 3 potions of haste
 Q - 5 potions of brilliance
 W - a potion of resistance
Miscellaneous
 i - a tin of tremorstones (inert)
 Y - a phantom mirror
 Z - a phial of floods (inert)


   Skills:
 + Level 16.2 Fighting
 - Level 12.4 Armour
 - Level 9.1 Dodging
 - Level 1.5 Stealth
 * Level 12.2 Shields
 + Level 17.0 Spellcasting


You couldn't memorise any spells.
You knew the following spells:

 Your Spells              Type           Power      Damage    Failure   Level
a - Foxfire               Conj/Fire      100%       2x1d9     1%          1
b - Scorch                Fire           100%       2d10      1%          2
c - Conjure Flame         Conj/Fire      100%       6-21      1%          3
d - Inner Flame           Hex/Fire       100%       N/A       1%          3
e - Flame Wave            Conj/Fire      100%       2d17      1%          4
f - Magic Dart            Conj           100%       1d8       1%          1
g - Call Imp              Summ           100%       N/A       1%          2
h - Lesser Beckoning      Tloc           100%       N/A       1%          3
i - Leda's Liquefaction   Hex/Erth       56%        N/A       1%          4
j - Blade Hands           Tmut           56%        N/A       1%          5
k - Metabolic Englaciati  Hex/Ice        56%        N/A       1%          5
l - Monstrous Menagerie   Summ           56%        N/A       8%          7
m - Spellforged Servitor  Conj/Summ      56%        N/A       8%          7
z - Conjure Ball Lightni  Conj/Air       56%        3x3d20    1%          6
Your spell library was empty.

Dungeon Overview and Level Annotations

Branches:
Dungeon (15/15)            Temple (1/1) D:7            Lair (6/6) D:10
  Swamp (4/4) Lair:2       Spider (0/4) Lair:3        Slime (0/5) Lair:5
    Orc (2/2) D:12            Elf (3/3) Orc:2        Vaults (0/5) D:14
Ossuary (visited)
 Depths: D:15

Altars:
Ashenzari
Cheibriados
Dithmenos
Elyvilon
Fedhas
Gozag
Hepliaklqana
Kikubaaqudgha
Nemelex Xobeh
Okawaru
Qazlal
Trog
Uskayaw
Vehumet
Wu Jian
Xom
Beogh

Shops:
D:2 :   D:10 *   D:13 [[[   Orc:2 ::[(   Swamp:4 [

Annotations:
D:7 3 runed translucent doors, Heedrag's ghost, novice MiFi


Innate Abilities, Weirdness & Mutations

You are immune to sickness and miasma.
You are immune to poison.
Your flesh is very heat resistant. (rF++)
You are vulnerable to cold. (rC-)
You float through the air rather than walking.
You learn spells naturally, not from books.
Your magical power is your life essence.
You have superior vitality. (+4 MHP)
You are partially covered in iridescent scales. (AC +2)
You tend to lose your temper in combat.
You are somewhat resistant to further mutation.
Your spells are a little harder to cast, but a little more powerful.


Message History

* * * LOW HITPOINT WARNING * * *
You block the +2 scimitar's attack.
You barely miss the +2 scimitar. You block the +2 scimitar's attack. x2
You slash the +2 scimitar!
The +2 scimitar is moderately damaged.
The +2 scimitar misses you.
You barely miss the +2 scimitar.
The +2 scimitar is moderately damaged.
The +2 scimitar hits you!
* * * LOW HITPOINT WARNING * * *
You hit the +2 scimitar.
The +2 scimitar is heavily damaged.
The +2 scimitar hits you!
* * * LOW HITPOINT WARNING * * *
You block the +2 scimitar's attack.
You barely miss the +2 scimitar.
The +2 scimitar is heavily damaged.
You block the +2 scimitar's attack.
You miss the +2 scimitar.
The +2 scimitar is heavily damaged.
The +2 scimitar barely misses you. The +2 scimitar hits you!
* * * LOW HITPOINT WARNING * * *
You are too berserk!
You are too berserk!
You are too berserk!
You are too berserk!
You are too berserk!
You are too berserk!
You are too berserk!
You are too berserk!
You are too berserk!
You are too berserk!
Unknown command.
Unknown command.
Unknown command.
You miss the +2 scimitar.
The +2 scimitar is heavily damaged.
The +2 scimitar hits you!
You die...
Your body crumbles into a pile of gold.

###
..#
#.#
#.#
##
#@#
.#
#(#
# ##
#.#
##.#
#..
#.#
###
..#
..#
.##
$ ##


You could see a +2 scimitar.

Vanquished Creatures
  Rupert (Lair:4)
  2 tentacled monstrosities (Swamp:4)
  Jorgrun (D:14)
  A thorn hunter (Swamp:4)
  Donald (Swamp:2)
  4 fenstrider witches
  An orc warlord (Orc:2)
  A deep elf sorcerer (Elf:1)
  2 ghouls (Swamp:4)
  An ironbound preserver (D:14)
  4 eleionomae
  A deep elf demonologist (Elf:1)
  3 deep elf annihilators
  Azrael (Orc:2)
  2 bunyips
  A deep elf death mage (Elf:3)
  A green death (Swamp:4)
  A blizzard demon (Swamp:4)
  3 boulder beetles
  18 hydras
  2 ogre magi (Swamp:4)
  A spriggan air mage (Swamp:4)
  A ghost crab (Swamp:1)
  A merfolk avatar (Lair:6)
  4 centaur warriors
  5 two-headed ogres
  5 alligators
  4 death knights
  2 catoblepae
  5 death yaks (Lair:5)
  2 tengu warriors
  2 orc high priests (Orc:2)
  9 deep elf knights
  3 sixfirhies (Swamp:4)
  5 skeletal warriors (D:14)
  7 goliath frogs
  3 sea snakes (Lair:6)
  5 spriggan druids
  4 swamp dragons
  Pikel (D:4)
  7 bog bodies
  11 deep elf archers
  19 deep elf zephyrmancers
  5 wizards
  17 deep elf pyromancers
  A harpy (Lair:6)
  8 orc sorcerers
  18 elephants
  9 ugly things
  3 manticores
  4 slime creatures
  5 will-o-the-wisps
  8 cyclopes
  Joseph (D:8)
  4 black mambas
  A torpor snail (Lair:3)
  An orange demon (Swamp:4)
  5 rime drakes
  9 cane toads
  An unseen horror (D:11)
  A gargoyle (D:14)
  14 komodo dragons
  2 kobold demonologists
  2 hellwings (Swamp:4)
  6 freezing wraiths
  8 trolls
  A polar bear (shapeshifter) (D:14)
  3 meliai (D:13)
  8 polar bears
  3 hornets
  3 bloated husks
  10 tyrant leeches
  5 blink frogs
  2 shadows (D:10)
  45 yaks
  3 spriggans (Swamp:1)
  An air elemental (Elf:1)
  A spriggan (shapeshifter) (Elf:3)
  6 fire elementals
  A water elemental (Elf:2)
  6 wraiths
  5 wyverns
  8 vampire mosquitoes
  5 basilisks
  A chaos spawn (Swamp:4)
  3 steam dragons
  A neqoxec (Swamp:4)
  2 wargs
  Edmund (D:6)
  15 swamp worms
  2 acid dragons
  3 hell hounds (Orc:2)
  17 water moccasins
  2 ice beasts (D:7)
  A swamp drake (Swamp:1)
  29 orc warriors
  A sky beast (D:7)
  3 black bears
  8 ogres
  A necrophage (D:7)
  A lemure (D:4)
  24 wolves
  5 centaurs
  A boggart (Elf:1)
  4 kobold brigands
  9 bullfrogs
  A scorpion (D:6)
  An earth elemental (Orc:2)
  A gnoll sergeant (D:5)
  3 water moccasin zombies
  A water moccasin skeleton (D:5)
  6 killer bees (D:8)
  6 wights
  3 howler monkeys
  3 electric eels
  4 centaur zombies
  4 lava snakes (Lair:5)
  3 hounds
  4 jellies
  27 orc priests
  2 gnoll shamans (D:7)
  A centaur skeleton (D:5)
  Jessica (D:3)
  23 orc wizards
  6 iguanas
  A scorpion zombie (D:5)
  12 hell rats
  A statue (D:5)
  A killer bee zombie (D:7)
  2 mummies (Ossuary)
  A howler monkey zombie (D:10)
  6 adders
  18 gnolls
  2 shadow imps
  3 white imps
  8 adder zombies (Ossuary)
  An adder skeleton (D:4)
  3 worms
  2 dart slugs
  74 orcs
  14 ball pythons
  5 endoplasms
  2 giant cockroaches
  2 gnoll zombies (Ossuary)
  9 goblins
  6 hobgoblins
  7 jackals
  4 quokkas
  4 bats
  7 frilled lizards
  2 hobgoblin zombies (Ossuary)
  26 kobolds
  3 kobold zombies (Ossuary)
  6 orc zombies (Ossuary)
  4 rats
  A foxfire (Swamp:4)
878 creatures vanquished.

Vanquished Creatures (collateral kills)
  A fire elemental (Orc:2)
  14 ball lightnings
  6 foxfires
21 creatures vanquished.

Vanquished Creatures (others)
  Roxanne (Swamp:2)
  An eleionoma (Swamp:2)
  2 hydras (Swamp:2)
  An alligator (Swamp:2)
  26 dancing weapons
  3 deep elf knights
  A spriggan (Swamp:2)
  A spriggan druid (Swamp:2)
  A goliath frog (Swamp:2)
  A deep elf archer (Elf:1)
  A bog body (Swamp:2)
  2 deep elf pyromancers (Elf:1)
  An orc sorcerer (Swamp:4)
  2 deep elf zephyrmancers (Elf:1)
  A bloated husk (Swamp:2)
  A hornet (Swamp:2)
  2 tyrant leeches
  4 swamp worms (Swamp:2)
  A swamp drake (Swamp:2)
  288 ball lightnings
  2 briar patches (Swamp:4)
  1352 foxfires
  31 fungi
  78 plants
1804 creatures vanquished.

Grand Total: 2703 creatures vanquished

Notes
Turn   | Place    | Note
-------+----------+-------------------------------------------
     0 | D:1      | mandick the Djinni Fire Elementalist began the quest for
                  | the Orb.
     0 | D:1      | Reached XP level 1. HP: 15/15 MP: 0/0
   506 | D:1      | Reached XP level 2. HP: 18/22 MP: 0/0
  1089 | D:1      | Reached XP level 3. HP: 21/26 MP: 0/0
  1089 | D:1      | Learned a level 1 spell: Magic Dart
  1250 | D:1      | Reached skill level 1 in Fighting
  1602 | D:2      | Reached skill level 3 in Spellcasting
  1773 | D:2      | Reached XP level 4. HP: 29/32 MP: 0/0
  2223 | D:2      | Found Naylliblyrr's Book Emporium.
  2518 | D:2      | Reached XP level 5. HP: 16/38 MP: 0/0
  2518 | D:2      | Learned a level 2 spell: Call Imp
  3645 | D:3      | You are sucked into a shaft and drop 3 floors!
  3645 | D:6      | Noticed a black bear
  3660 | D:6      | Killed a black bear
  3661 | D:6      | Reached skill level 4 in Spellcasting
  3661 | D:6      | Reached XP level 6. HP: 34/45 MP: 0/0
  3756 | D:6      | Noticed Edmund
  3765 | D:6      | Killed Edmund
  3766 | D:6      | Reached XP level 7. HP: 39/49 MP: 0/0
  3766 | D:6      | Learned a level 3 spell: Lesser Beckoning
  4065 | D:5      | Entered Level 5 of the Dungeon
  4195 | D:5      | Reached skill level 5 in Spellcasting
  4228 | D:5      | Reached XP level 8. HP: 33/58 MP: 0/0
  4366 | D:5      | Reached skill level 5 in Dodging
  4487 | D:5      | Found a sand-covered staircase.
  4496 | Ossuary  | Entered an ossuary
  5384 | D:4      | Found a white marble altar of Elyvilon.
  5778 | D:4      | Found a blossoming altar of Fedhas.
  6479 | D:4      | Noticed Pikel
  6494 | D:4      | Killed Pikel
  6495 | D:4      | Reached skill level 5 in Fighting
  6495 | D:4      | Reached skill level 6 in Spellcasting
  6495 | D:4      | Reached XP level 9. HP: 47/65 MP: 0/0
  6495 | D:4      | Learned a level 4 spell: Leda's Liquefaction
  7108 | D:3      | Noticed Jessica
  7111 | D:3      | Killed Jessica
  7371 | D:5      | Found an iron altar of Okawaru.
  8895 | D:7      | Reached skill level 7 in Spellcasting
  8904 | D:7      | HP: 2/66 [spore (10)]
  8918 | D:7      | Reached XP level 10. HP: 10/73 MP: 0/0
  9785 | D:7      | Found a staircase to the Ecumenical Temple.
  9841 | D:7      | Reached skill level 8 in Spellcasting
 10054 | D:7      | Found a stormy altar of Qazlal.
 10055 | D:7      | Found a hide-covered altar of Uskayaw.
 10055 | D:7      | Found a sparkling altar of Nemelex Xobeh.
 10063 | D:7      | Found a bloodstained altar of Trog.
 10066 | D:7      | Found a shimmering altar of Xom.
 10315 | D:7      | Found a runed translucent gate.
 10315 | D:7      | Found a runed translucent gate.
 10315 | D:7      | Found a runed translucent gate.
 10316 | D:7      | Noticed Heedrag's ghost (novice MiFi)
 10432 | Temple   | Entered the Ecumenical Temple
 10500 | Temple   | Became a worshipper of Gozag Ym Sagoz the Greedy
 10574 | D:8      | Noticed Joseph
 10578 | D:8      | Killed Joseph
 11147 | D:8      | Found a flagged portal.
 12338 | D:9      | Found a snail-covered altar of Cheibriados.
 12407 | D:9      | Reached skill level 9 in Spellcasting
 12407 | D:9      | Reached XP level 11. HP: 74/80 MP: 0/0
 12407 | D:9      | Learned a level 5 spell: Blade Hands
 12850 | D:10     | Entered Level 10 of the Dungeon
 13265 | D:10     | Reached skill level 1 in Armour
 13441 | D:10     | Found a staircase to the Lair.
 13484 | D:10     | Noticed a seven-headed hydra
 14026 | D:10     | Noticed a two-headed ogre
 14044 | D:10     | Killed a two-headed ogre
 14106 | D:10     | Killed a seven-headed hydra
 14246 | D:10     | Found an ornate altar of the Wu Jian Council.
 14820 | D:11     | Noticed a two-headed ogre
 14830 | D:11     | Killed a two-headed ogre
 14831 | D:11     | Reached skill level 10 in Spellcasting
 14843 | D:11     | Noticed a two-headed ogre
 14847 | D:11     | Killed a two-headed ogre
 14855 | D:11     | Noticed a five-headed hydra
 15175 | D:11     | Killed a five-headed hydra
 15909 | D:11     | Reached XP level 12. HP: 83/89 MP: 0/0
 16804 | D:12     | Noticed a death knight
 16994 | Lair:1   | Entered Level 1 of the Lair of Beasts
 17043 | Lair:1   | Gained mutation: You possess an exceptional clarity of
                  | mind. [potion of mutation]
 17043 | Lair:1   | Lost mutation: You possess an exceptional clarity of mind.
                  | [potion of mutation]
 17043 | Lair:1   | Gained mutation: You have a pair of small antennae on your
                  | head. [potion of mutation]
 17044 | Lair:1   | Lost mutation: You have a pair of small antennae on your
                  | head. [potion of mutation]
 17044 | Lair:1   | Gained mutation: You are agile. (Dex +2) [potion of
                  | mutation]
 17044 | Lair:1   | Gained mutation: You tend to lose your temper in combat.
                  | [potion of mutation]
 17045 | Lair:1   | Lost mutation: You are agile. (Dex +2) [potion of mutation]
 17045 | Lair:1   | Lost mutation: You tend to lose your temper in combat.
                  | [potion of mutation]
 17045 | Lair:1   | Gained mutation: You are frail. (-10% HP) [potion of
                  | mutation]
 17045 | Lair:1   | Gained mutation: You have a beak for a mouth. [potion of
                  | mutation]
 17045 | Lair:1   | Gained mutation: Your muscles are strong. (Str +2) [potion
                  | of mutation]
 17046 | Lair:1   | Lost mutation: Your muscles are strong. (Str +2) [potion of
                  | mutation]
 17046 | Lair:1   | Lost mutation: You are frail. (-10% HP) [potion of
                  | mutation]
 17046 | Lair:1   | Lost mutation: You have a beak for a mouth. [potion of
                  | mutation]
 17046 | Lair:1   | Gained mutation: You tend to lose your temper in combat.
                  | [potion of mutation]
 17046 | Lair:1   | Gained mutation: You are partially covered in iridescent
                  | scales. (AC +2) [potion of mutation]
 17046 | Lair:1   | Gained mutation: Your spells are a little harder to cast,
                  | but a little more powerful. [potion of mutation]
 17046 | Lair:1   | Gained mutation: You are somewhat resistant to further
                  | mutation. [potion of mutation]
 17108 | Lair:1   | Reached skill level 5 in Armour
 17403 | D:10     | Bought a gold wand for 68 gold pieces
 17403 | D:10     | Bought a crude ring mail for 153 gold pieces
 17403 | D:10     | Identified the +1 ring mail of the Lobster {+Inv Dex+2}
                  | (You bought it in a shop on level 10 of the Dungeon)
 17403 | D:10     | Bought a scroll labelled RIDETUR VEBECEWKY for 17 gold
                  | pieces
 17403 | D:10     | Bought a scroll labelled DUZXASHR KYRUT for 17 gold pieces
 17403 | D:10     | Bought a scroll of identify for 34 gold pieces
 17403 | D:10     | Bought a crystal hand axe for 136 gold pieces
 17403 | D:10     | Identified the +7 hand axe "Rume" {vorpal, rPois Will+
                  | Int+3} (You bought it in a shop on level 10 of the Dungeon)
 18077 | Lair:1   | Noticed a six-headed hydra
 18082 | Lair:1   | Killed a six-headed hydra
 18083 | Lair:1   | Reached skill level 11 in Spellcasting
 18366 | Lair:1   | Noticed a six-headed hydra
 18378 | Lair:1   | Killed a six-headed hydra
 18379 | Lair:1   | Reached skill level 10 in Fighting
 19242 | Lair:2   | Reached XP level 13. HP: 55/97 MP: 0/0
 19242 | Lair:2   | Learned a level 5 spell: Metabolic Englaciation
 19383 | Lair:2   | Found a hide-covered altar of Uskayaw.
 19383 | Lair:2   | Found an ornate altar of the Wu Jian Council.
 19386 | Lair:2   | Noticed a boulder beetle
 19400 | Lair:2   | Killed a boulder beetle
 19546 | Lair:2   | Noticed an eight-headed hydra
 19557 | Lair:2   | Killed an eight-headed hydra
 19695 | Lair:2   | Reached skill level 12 in Spellcasting
 19815 | Lair:2   | Found a staircase to the Swamp.
 19864 | Lair:2   | Noticed an eight-headed hydra
 19871 | Lair:2   | Killed an eight-headed hydra
 20062 | Lair:2   | Noticed a seven-headed hydra
 20072 | Lair:2   | Killed a seven-headed hydra
 20325 | Lair:3   | Found a hole to the Spider Nest.
 20876 | Lair:3   | Found a snail-covered altar of Cheibriados.
 21540 | Lair:4   | Noticed a catoblepas
 21555 | Lair:4   | Killed a catoblepas
 21651 | Lair:4   | Noticed a six-headed hydra
 21657 | Lair:4   | Killed a six-headed hydra
 21888 | Lair:4   | Noticed a seven-headed hydra
 21898 | Lair:4   | Killed a seven-headed hydra
 21899 | Lair:4   | Reached XP level 14. HP: 100/105 MP: 0/0
 21934 | Lair:4   | Noticed Rupert
 21947 | Lair:4   | Killed Rupert
 21948 | Lair:4   | Reached skill level 13 in Spellcasting
 22140 | Lair:4   | You are sucked into a shaft and drop 1 floor!
 22387 | Lair:5   | Found a staircase to the Slime Pits.
 24597 | Lair:6   | Entered Level 6 of the Lair of Beasts
 25575 | Lair:6   | Reached skill level 14 in Spellcasting
 25744 | Lair:6   | Reached skill level 10 in Armour
 25744 | Lair:6   | Reached XP level 15. HP: 70/113 MP: 0/0
 25744 | Lair:6   | Learned a level 6 spell: Conjure Ball Lightning
 28189 | D:12     | Found a staircase to the Orcish Mines.
 29668 | D:14     | Noticed Jorgrun
 29951 | D:14     | Reached skill level 15 in Spellcasting
 29979 | D:14     | Noticed an ironbound preserver
 29986 | D:14     | Killed an ironbound preserver
 30351 | D:14     | Killed Jorgrun
 30366 | D:14     | Reached XP level 16. HP: 85/122 MP: 0/0
 30526 | D:14     | Found a gate to the Vaults.
 31075 | D:13     | Bought the +2 hat of the Bear Spirit {Spirit, *Rage Will++}
                  | for 439 gold pieces
 31075 | D:13     | Found the +2 hat of the Bear Spirit {Spirit, *Rage Will++}
 31097 | D:13     | Bought the +3 ring mail of Fortification {rF+ rC+ Regen+
                  | Slay+2} for 629 gold pieces
 31211 | D:13     | Bought a +2 pair of gloves of dexterity for 322 gold pieces
 31930 | D:15     | Entered Level 15 of the Dungeon
 32745 | Orc:1    | Entered Level 1 of the Orcish Mines
 33081 | Orc:2    | Entered Level 2 of the Orcish Mines
 33301 | Orc:2    | Found a staircase to the Elven Halls.
 33649 | Orc:2    | Noticed Azrael
 33945 | Orc:2    | Killed Azrael
 34911 | Orc:2    | Found Lajeomill's Antique Armour Shoppe.
 34913 | Orc:2    | Found Jaupir's Antique Weapon Emporium.
 35173 | Orc:2    | Found Cyhuin's Book Shop.
 35314 | Orc:2    | Found Mowopau's Book Shoppe.
 35639 | Orc:2    | Bought a pair of ichor-stained gloves for 247 gold pieces
 35639 | Orc:2    | Identified the -1 pair of gloves of the Zebra {rElec Regen+
                  | MP-9 SInv} (You bought it in a shop on level 2 of the
                  | Orcish Mines)
 36058 | Swamp:1  | Entered Level 1 of the Swamp
 36076 | Swamp:1  | Reached skill level 16 in Spellcasting
 36199 | Swamp:1  | Reached skill level 1 in Shields
 36311 | Swamp:1  | Reached XP level 17. HP: 112/130 MP: 0/0
 36311 | Swamp:1  | Learned a level 7 spell: Spellforged Servitor
 36915 | Swamp:2  | Identified Roxanne's Volume of the Mountains
 36915 | Swamp:2  | Noticed Roxanne
 36991 | Swamp:2  | Killed Roxanne
 37358 | Swamp:2  | Noticed Donald
 37364 | Swamp:2  | Killed Donald
 37871 | Swamp:3  | Reached skill level 5 in Shields
 38508 | Swamp:4  | Entered Level 4 of the Swamp
 38545 | Swamp:4  | Noticed a thorn hunter
 38630 | Swamp:4  | Noticed a tentacled monstrosity
 38636 | Swamp:4  | Killed a tentacled monstrosity
 38938 | Swamp:4  | Reached skill level 15 in Fighting
 40170 | Swamp:4  | Got a decaying rune of Zot
 40434 | Swamp:4  | Killed a thorn hunter
 40546 | Swamp:4  | Noticed a tentacled monstrosity
 40556 | Swamp:4  | Killed a tentacled monstrosity
 41100 | Elf:1    | Entered Level 1 of the Elven Halls
 41111 | Elf:1    | Reached XP level 18. HP: 97/138 MP: 0/0
 41823 | Elf:1    | Reached skill level 10 in Shields
 42286 | Elf:1    | Paralysed by an air elemental for 1 turns
 42291 | Elf:1    | Paralysed by an air elemental for 1 turns
 43819 | Elf:2    | Found a runed translucent gate.
 43819 | Elf:2    | Found a runed translucent gate.
 43819 | Elf:2    | Found a runed translucent gate.
 44647 | Elf:3    | Entered Level 3 of the Elven Halls
 45156 | Elf:3    | Reached skill level 17 in Spellcasting
 45206 | Elf:3    | Reached XP level 19. HP: 113/145 MP: 0/0
 45206 | Elf:3    | Learned a level 7 spell: Monstrous Menagerie
 45223 | Elf:3    | HP: 14/290 [+2 scimitar/+2 scimitar (8)]
 45226 | Elf:3    | Slain by a +2 scimitar

Illustrated notes

Levels and vault maps discovered:
D:1:      erik_arrival_triangle_small, layout_basic
D:2:      layout_basic, serial_shops, shop, chequers_serial_rivers_small_a
D:3:      layout_basic, kennysheep_generic_room_10, uniq_jessica
D:4:      layout_basic, elyvilon_altar_1, mainiacjoe_overflow_surrounded_room,
          minmay_snake_closets, uniq_pikel
D:5:      layout_rooms, vehumet_statue, okawaru_metal_pillars_1_2,
          nicolae_ossuary_entry_monument
D:6:      layout_basic, uniq_edmund
D:7:      layout_cave_pools, minmay_overflow_temple_star_hex,
          minmay_temple_entry_offerings, gammafunk_ghost_necromancy,
          chequers_serial_rivers_micro_a
D:8:      layout_basic, enter_bailey_3, uniq_joseph
D:9:      layout_rooms, kennysheep_slug_shrine, hangedman_decor_growths,
          nicolae_two_hexagons, serial_bayou_pond_d
D:10:     nicolae_whirlpool, layout_irregular_city, lemuel_round_altar,
          david_lair_shrubbed, roderic_malta_cross
D:11:     layout_rooms
D:12:     layout_basic, david_orc_4
D:13:     layout_roguey
D:14:     layout_roguey, skrybe_vaults_entry_preservation,
          minmay_misc_feat_doors, chequers_serial_rivers_large_a, uniq_jorgrun
D:15:     gammafunk_enter_depths_forms, layout_rooms,
          nicolae_kikubaaqudgha_miasma_corner
Temple:   minmay_temple_curvy_loop
Lair:1:   layout_regular_city
Lair:2:   layout_hall_layers, nicolae_swamp_entry_splash_gauntlet,
          nzn_masters_of_martial_movement
Lair:3:   layout_cave_pods, spider_nest_entry_web_field, basic_altar,
          grunt_megastairs_4
Lair:4:   layout_regular_city, uniq_rupert
Lair:5:   layout_roguey, minmay_slime_entry_pillars, nicolae_lair_liquid_snakes
Lair:6:   gammafunk_lair_ancient_temple, layout_misc_corridors,
          grunt_megastairs_2
Swamp:1:  layout_falls_marsh, nicolae_swamp_small_spring
Swamp:2:  layout_basic_swamp, nicolae_swamp_tree_designs,
          infiniplex_staircase_pool_2, uniq_donald, uniq_roxanne
Swamp:3:  layout_basic_swamp, evilmike_swamp_ruin_house_2
Swamp:4:  nzn_swamp_witches_coven, layout_basic_swamp, swamp_pool5
Orc:1:    orc_temple, layout_caves
Orc:2:    grunt_orc_community_town_hall, layout_diamond_mine,
          grunt_orc_community_big_house_1, grunt_orc_community_big_house_1,
          grunt_orc_community_house_2, grunt_orc_community_house_1,
          grunt_orc_community_house_3, grunt_orc_community_house_2,
          minmay_orc_temple_a, uniq_azrael
Elf:1:    eino_elf_arrival_the_gate, layout_loops_cross, hangedman_elf_disciples
Elf:2:    nicolae_elf_blades_splatter_lattice [nicolae_blade_bullseye],
          layout_geoelf_octagon
Elf:3:    grunt_elf_hall_diamonds, layout_loops_cross, serial_shops, shop,
          nicolae_elf_v_pinch, patterned_corridor

Skill      XL: |  1  2  3  4  5  6  7  8  9 10 11 12 13 14 15 16 17 18 |
---------------+-------------------------------------------------------+-----
Fighting       | 1 2 3 5 6 7 9 10 11 12 13 14 15 16 | 16.2
Spellcasting   | 3 4 5 6 7 9 10 11 12 14 15 16 17 | 17.0
Dodging        | 3 4 6 7 8 9 |  9.1
Armour         | 4 6 8 10 11 12 | 12.4
Shields        | 2 9 12 | 12.2
Stealth        | |  1.5

Action                   |  1- 3 |  4- 6 |  7- 9 | 10-12 | 13-15 | 16-18 | 19-21 || total
-------------------------+-------+-------+-------+-------+-------+-------+-------++-------
Melee: Dagger            |       |     2 |    28 |    23 |       |       |       ||    53
       Punch             |       |       |     2 |     1 |       |     2 |       ||     5
       Unarmed           |       |       |       |    12 |    10 |    29 |       ||    51
       Hand axe          |       |       |       |    24 |    38 |   397 |    12 ||   471
Throw: Dart              |       |     2 |       |     1 |    41 |       |       ||    44
 Cast: Foxfire           |    69 |    76 |    62 |   143 |   168 |   250 |       ||   768
       Scorch            |     5 |    11 |    94 |   121 |   260 |   207 |       ||   698
       Inner Flame       |       |     4 |    33 |    76 |   155 |   203 |     1 ||   472
       Magic Dart        |       |     1 |     9 |     3 |     4 |     1 |       ||    18
       Conjure Flame     |       |     1 |     4 |     5 |       |       |       ||    10
       Flame Wave        |       |       |     3 |     8 |    15 |     3 |       ||    29
       Leda's Liquefacti |       |       |     3 |     4 |    25 |    18 |     1 ||    51
       Call Imp          |       |       |       |     1 |     1 |     1 |       ||     3
       Lesser Beckoning  |       |       |       |     1 |     4 |       |       ||     5
       Blade Hands       |       |       |       |     1 |     2 |     3 |       ||     6
       Metabolic Englaci |       |       |       |       |    44 |    49 |     1 ||    94
       Conjure Ball Ligh |       |       |       |       |    24 |    84 |     1 ||   109
       Spellforged Servi |       |       |       |       |       |    10 |       ||    10
       Monstrous Menager |       |       |       |       |       |       |     1 ||     1
Invok: Call Merchant     |       |       |       |     1 |       |     4 |       ||     5
Evoke: Wand              |       |       |       |       |    13 |    24 |       ||    37
       Phantom mirror    |       |       |       |       |       |     3 |       ||     3
       Phial of floods   |       |       |       |       |       |     2 |       ||     2
       Tin of tremorston |       |       |       |       |       |     2 |       ||     2
  Use: Potion            |       |       |     5 |    15 |       |     4 |       ||    24
       Scroll            |       |       |     1 |    17 |     3 |    10 |     1 ||    32
 Stab: Sleeping          |       |       |     1 |       |       |     1 |       ||     2
       Distracted        |       |       |       |       |       |     1 |       ||     1
Armor: Robe              |     2 |     7 |    10 |    19 |     3 |       |       ||    41
       Ring mail         |       |       |       |       |    67 |   230 |     3 ||   300
Dodge: Dodged            |     1 |     9 |    50 |   152 |    98 |   249 |     4 ||   563
Block: Kite shield       |       |       |       |       |       |   223 |    10 ||   233
       Buckler           |       |       |       |       |       |    10 |       ||    10
       Reflection        |       |       |       |       |       |    40 |       ||    40

Table legend: (Time is in decaauts)
 A = Elapsed time spent in this place.
 B = Non-inter-level travel time spent in this place.
 C = Inter-level travel time spent in this place.
 D = Time resting spent in this place.
 E = Time spent auto-exploring this place.
 F = Levels seen in this place.
 G = Mean time per level.
                   A        B        C        D        E       F      G
               +--------+--------+--------+--------+--------+-----+--------+
         Total |  45785 |  43501 |   2284 |  16261 |  19256 |  32 | 1430.8 |
       Dungeon |  22731 |  21479 |   1252 |   8489 |  10093 |  15 | 1515.4 |
        Temple |    113 |     69 |     44 |      0 |     56 |   1 |  113.0 |
          Lair |   9612 |   9018 |    594 |   2549 |   4855 |   6 | 1602.0 |
         Swamp |   4952 |   4799 |    153 |   1753 |   1910 |   4 | 1238.0 |
  Orcish Mines |   3637 |   3442 |    195 |   1304 |   1180 |   2 | 1818.5 |
   Elven Halls |   3974 |   3930 |     44 |   1609 |   1083 |   3 | 1324.7 |
       Ossuary |    763 |    763 |      0 |    555 |     77 |   1 |  763.0 |
               +--------+--------+--------+--------+--------+-----+--------+

Top non-repeatable levels by time:
    D:10: 3172 daAuts
   Orc:2: 3016 daAuts
  Lair:5: 2836 daAuts
    D:14: 2548 daAuts
 Swamp:4: 2351 daAuts
   Elf:2: 2013 daAuts
    D:11: 1998 daAuts
  Lair:6: 1785 daAuts
     D:7: 1600 daAuts
     D:4: 1596 daAuts
     D:1: 1556 daAuts
     D:6: 1495 daAuts
    D:13: 1494 daAuts
    D:12: 1445 daAuts
     D:2: 1432 daAuts
